 Dungeon Crawl Stone Soup version 0.26-a0-30-g56b8cd3df0 (webtiles) character file.

Game seed: 11037235369874804329, levelgen mode: deterministic

84849 Gwenloh the Tortoise (level 15, -17/132 HPs)
             Began as a Minotaur Fighter on May 28, 2020.
             Was a High Priest of Trog.
             Demolished by a white ugly thing (18 damage)
             ... on level 14 of the Dungeon on May 29, 2020.
             The game lasted 01:53:24 (28215 turns).

Gwenloh the Tortoise (Minotaur Fighter)            Turns: 28215, Time: 01:53:24

Health: -17/132    AC: 24    Str: 30    XL:     15   Next: 36%
Magic:  1/1        EV: 14    Int:  5    God:    Trog [*****.]
Gold:   1795       SH:  0    Dex: 17    Spells: 14/14 levels left

rFire    + + +     SeeInvis +   a - +8 battleaxe
rCold    . . .     Gourm    .   (shield currently unavailable)
rNeg     . . .     Faith    .   z - +1 plate armour {rF+}
rPois    +         Spirit   .   Y - +1 hat {MR+}
rElec    +         Reflect  .   U - scarf {+Inv}
rCorr    .         Harm     .   c - +1 pair of gloves
MR       ++++.                  H - +1 pair of boots
Stlth    ..........             r - amulet of Attitude {Acrobat Fragile rF++ MP-9 Dex+3}
HPRegen  1.32/turn              P - ring of Eblazi {+Fly rElec MP-9 Str+7 SInv}
MPRegen  0.07/turn              R - ring of poison resistance

@: grasped by roots, regenerating, constricted
A: retaliatory headbutt, horns 2
a: Berserk, Trog's Hand, Brothers in Arms, Renounce Religion, Evoke
Invisibility, Evoke Flight


You were on level 14 of the Dungeon.
You worshipped Trog.
Trog was extremely pleased with you.
You were hungry.

You visited 4 branches of the dungeon, and saw 23 of its levels.
You visited 1 bazaar.
You also visited: Volcano.

You collected 2269 gold pieces.
You spent 474 gold pieces at shops.

Inventory:

Hand Weapons
 a - a +8 battleaxe (weapon)
 b - the +6 arbalest "Damnation" {damnation}
   (You found it on level 4 of the Dungeon)
 y - a +6 dire flail of protection
Missiles
 k - 66 bolts
 E - 103 poisoned darts
 K - 36 boomerangs (quivered)
Armour
 c - a +1 pair of gloves (worn)
 z - a +1 plate armour of fire resistance (worn)
 H - a +1 pair of boots (worn)
 U - a scarf of invisibility (worn)
 Y - a +1 hat of magic resistance (worn)
Jewellery
 n - an uncursed ring of ice
 r - the amulet of Attitude (around neck) {Acrobat Fragile rF++ MP-9 Dex+3}
   (You found it on level 6 of the Lair of Beasts)

   [amulet of the acrobat]

   It helps you evade while moving and waiting.
   It affects your dexterity (+3).
   It greatly protects you from fire.
   It affects your magic capacity (-9).
   It will be destroyed if unequipped.
 P - the ring of Eblazi (left hand) {+Fly rElec MP-9 Str+7 SInv}
   (You found it on level 1 of the Lair of Beasts)

   [ring of flight]

   It affects your strength (+7).
   It insulates you from electricity.
   It affects your magic capacity (-9).
   It lets you see invisible.
   It lets you fly.
 R - a ring of poison resistance (right hand)
Wands
 g - a wand of enslavement (16)
 l - a wand of disintegration (19)
 p - a wand of polymorph (8)
 C - a wand of flame (74)
 D - a wand of iceblast (17)
 I - a wand of acid (18)
 J - a wand of paralysis (11)
 V - a wand of digging (11)
 Z - a wand of clouds (11)
Scrolls
 e - 9 scrolls of teleportation
 h - 4 scrolls of magic mapping
 j - 7 scrolls of remove curse
 m - 4 scrolls of immolation
 u - 6 scrolls of fear
 A - 4 scrolls of summoning
 S - a scroll of blinking
 X - 4 scrolls of fog
Potions
 d - 3 potions of might
 o - 2 potions of flight
 q - 5 potions of heal wounds
 s - 11 potions of curing
 t - 6 potions of brilliance
 v - a potion of cancellation
 x - 5 potions of haste
 B - a potion of magic
 G - 3 potions of resistance
 M - 4 potions of mutation
 N - 2 potions of ambrosia
 Q - a potion of stabbing
 T - 4 potions of lignification
Miscellaneous
 i - a lightning rod (4/4)
 w - a tin of tremorstones (3/3)
 F - a phantom mirror
 O - a tin of tremorstones (3/3)
Comestibles
 f - 28 rations
 L - 3 chunks of flesh


   Skills:
 + Level 11.9 Fighting
 * Level 15.1 Axes
 + Level 10.1 Crossbows
 * Level 15.7 Armour
 * Level 14.2 Dodging
   Level 5.5 Shields
 + Level 7.2 Evocations


You had 14 spell levels left.
You didn't know any spells.
Your spell library contained the following spells:

 Spells                   Type           Power        Failure   Level  Hunger
 Magic Dart               Conj           #...         95%         1    ##.....
 Blink                    Tloc           N/A          99%         2    ###....
 Call Imp                 Summ           #.......     99%         2    ###....
 Slow                     Hex            #.......     99%         2    ###....
 Conjure Flame            Conj/Fire      #.......     100%        3    ####...
 Mephitic Cloud           Conj/Pois/Air  #.......     100%        3    ####...


Dungeon Overview and Level Annotations

Branches:
Dungeon (14/15)            Temple (1/1) D:7            Lair (6/6) D:11
  Swamp (0/4) Lair:4       Spider (0/4) Lair:2        Slime (0/5) Lair:6
    Orc (2/2) D:12            Elf (0/3) Orc:2        Vaults (0/5) D:13
Volcano (visited)

Altars:
Ashenzari
Cheibriados
Dithmenos
Elyvilon
Fedhas
Gozag
Hepliaklqana
Kikubaaqudgha
Makhleb
Nemelex Xobeh
Okawaru
Qazlal
Ru
Sif Muna
Trog
Uskayaw
Vehumet
Wu Jian
Xom
Yredelemnul
Zin
The Shining One
Beogh

Shops:
D:9 ::!%?   Orc:2 (=[*

Annotations:
D:3 2 runed translucent doors, sigonnn's ghost, amateur MiFi
D:11 2 transporters, Protee's ghost, journeyman GnFi
D:14 Jorgrun
Lair:1 exclusion: orange crystal statue
Lair:2 exclusion: oklob plant


Innate Abilities, Weirdness & Mutations

You reflexively headbutt those who attack you in melee.
You have a pair of horns on your head.


Message History

Jorgrun hits you with a +0 vorpal quarterstaff!
* * * LOW HITPOINT WARNING * * *
x3 The grasping roots constrict you!
The soldier ant barely misses you.
The centaur warrior simulacrum barely misses you.
Your troll bites the green ugly thing.
Your troll barely misses the green ugly thing.
Your troll closely misses the green ugly thing.
The brown ugly thing basks in the mutagenic energy from its kin and changes!
You feel much better. Jorgrun completely misses you.
The grasping roots constrict you.
The centaur warrior simulacrum hits you.
* * * LOW HITPOINT WARNING * * *
The centaur warrior simulacrum freezes you!!
* * * LOW HITPOINT WARNING * * *
The soldier ant completely misses you. You furiously retaliate!
You headbutt the soldier ant.
The white ugly thing tentacle-slaps you.
* * * LOW HITPOINT WARNING * * *
The white ugly thing freezes you!!
You die...

........#
..#.....#.............
....#..#.....).......
....#..##........... ##
...................# ..#
.###<..............#....
.# #.###........u.T.....
.###.#.#........gu......
.##............u@a......
.#....#......#..#Z....##
.#.####........##....##
...# ##....##..# ...##
...# #....###### ...#
#### ###.## ...# ###
#.## ##


You could see Jorgrun (fast), 3 ugly things, a soldier ant, a centaur warrior
simulacrum and a friendly troll (summoned, berserk).

Vanquished Creatures
  An orc warlord (Orc:1)
  Azrael (D:12)
  2 stone giants
  Josephine (D:12)
  Fannar (D:11)
  Erolcha (D:12)
  13 hydras
  7 two-headed ogres
  3 orc high priests (Orc:2)
  3 skeletal warriors
  3 unseen horrors
  A lindwurm (Lair:1)
  3 orc knights (Orc:2)
  An ugly thing (D:11)
  5 orc sorcerers
  A manticore (D:11)
  2 deep elf magi
  2 cyclopes
  5 black mambas
  4 centaur zombies
  Maurice (D:11)
  2 guardian serpents (D:13)
  An eye of devastation (Lair:6)
  4 elephants (Lair:3)
  A torpor snail (Lair:5)
  6 gargoyles
  2 molten gargoyles (Volcano)
  3 centaur skeletons
  9 spiny frogs
  A rime drake (Lair:6)
  An efreet (Volcano)
  A kobold demonologist (D:13)
  8 komodo dragons
  4 hornets (Lair:6)
  10 polar bears
  A jumping spider (Lair:2)
  8 slime creatures (D:13)
  6 trolls
  A tyrant leech (Lair:4)
  Prince Ribbit (D:5)
  17 blink frogs
  5 hippogriffs
  A dream sheep (Lair:6)
  12 spriggans (Lair:6)
  A shadow (D:12)
  3 redbacks (Lair:2)
  6 wraiths
  2 basilisks
  2 fire bats (Volcano)
  3 fire elementals (D:12)
  A golden eye (shapeshifter) (D:13)
  4 wyverns
  12 yaks
  2 hungry ghosts
  A steam dragon (D:12)
  3 wargs (Orc:1)
  Menkaure (D:5)
  6 two-headed ogre zombies (Orc:1)
  Edmund (D:5)
  A swamp worm (Lair:4)
  15 water moccasins
  4 hell hounds (D:12)
  9 porcupines
  4 ice beasts
  35 orc warriors
  6 sky beasts
  An eye of draining (Lair:6)
  2 black bears (Lair:6)
  An eye of draining (shapeshifter) (D:13)
  10 centaurs
  2 phantoms
  7 boggarts
  13 ogres
  A crocodile (shapeshifter) (D:13)
  21 wolves
  16 crocodiles
  2 big kobolds
  Blork the orc (D:5)
  14 bullfrogs
  An earth elemental (Volcano)
  3 scorpions
  6 killer bees (D:11)
  18 wights
  4 howler monkeys (D:7)
  2 electric eels
  6 lava snakes (Volcano)
  7 crimson imps
  2 bullfrog zombies
  A quasit (D:5)
  3 bullfrog skeletons
  28 orc priests
  4 jellies
  Crazy Yiuf (D:6)
  8 hounds
  Ijyb (D:5)
  7 iguanas
  30 orc wizards
  5 hell rats (Lair:3)
  7 worker ants
  A hound zombie (D:8)
  5 hound skeletons
  A worker ant zombie (D:5)
  Robin (D:2)
  A howler monkey zombie (D:5)
  6 gnolls
  13 adders
  3 shadow imps
  2 adder skeletons (D:10)
  An adder zombie (D:8)
  4 worms
  A dart slug (D:1)
  3 leopard geckos
  105 orcs
  2 ball pythons
  3 giant cockroaches
  6 hobgoblins
  5 jackals
  4 quokkas
  2 bats (D:3)
  A frilled lizard (D:3)
  9 goblins
  10 kobolds
  A leopard gecko zombie (D:5)
  5 rats
  7 fungi
  2 plants (Lair:6)
727 creatures vanquished.

Vanquished Creatures (collateral kills)
  An orc warlord (Orc:2)
  An orc high priest (Orc:2)
  A spriggan (Lair:6)
  2 orc warriors (Orc:2)
  A wolf (Lair:6)
  An orc priest (Orc:2)
  An orc wizard (Orc:2)
  3 orcs (Orc:2)
11 creatures vanquished.

Vanquished Creatures (others)
  A shadow (D:14)
  7 fungi
  11 plants
19 creatures vanquished.

Grand Total: 757 creatures vanquished

Notes
Turn   | Place    | Note
-------+----------+-------------------------------------------
     0 | D:1      | Gwenloh the Minotaur Fighter began the quest for the Orb.
     0 | D:1      | Reached XP level 1. HP: 19/19 MP: 0/0
   362 | D:1      | Reached XP level 2. HP: 27/27 MP: 1/1
   875 | D:2      | Reached skill level 1 in Dodging
  1238 | D:2      | Reached XP level 3. HP: 33/33 MP: 2/2
  1487 | D:2      | Noticed Robin
  1499 | D:2      | Killed Robin
  1840 | D:3      | Reached XP level 4. HP: 29/40 MP: 3/3
  2018 | D:3      | HP: 2/40 [orc/+0 trident (5)]
  2371 | D:3      | Found a large runed translucent door.
  2371 | D:3      | Found a large runed translucent door.
  2372 | D:3      | Noticed sigonnn's ghost (amateur MiFi)
  2416 | D:3      | Found a faded altar of an unknown god.
  2619 | D:3      | Found a shimmering altar of Xom.
  2620 | D:3      | Found a shimmering altar of Xom.
  2623 | D:3      | Found a shimmering altar of Xom.
  2634 | D:3      | Found a shimmering altar of Xom.
  3258 | D:4      | Reached XP level 5. HP: 14/46 MP: 4/4
  3514 | D:4      | Reached skill level 5 in Armour
  3803 | D:4      | Reached skill level 5 in Shields
  3803 | D:4      | Reached XP level 6. HP: 47/53 MP: 5/5
  3961 | D:4      | Found the +6 arbalest "Damnation" {damnation}
  3973 | D:4      | Found a glowing golden altar of the Shining One.
  4246 | D:5      | Entered Level 5 of the Dungeon
  4256 | D:5      | Noticed an ice beast
  4257 | D:5      | Killed an ice beast
  4398 | D:5      | Found a white marble altar of Elyvilon.
  4404 | D:5      | Noticed an ice beast
  4421 | D:5      | Killed an ice beast
  4421 | D:5      | Reached XP level 7. HP: 24/60 MP: 6/6
  4604 | D:5      | Noticed Menkaure
  4625 | D:5      | Killed Menkaure
  4625 | D:5      | Reached skill level 1 in Crossbows
  4929 | D:5      | Reached skill level 5 in Fighting
  4953 | D:5      | Noticed Edmund
  4965 | D:5      | Killed Edmund
  5017 | D:5      | Noticed Blork the orc
  5018 | D:5      | Noticed Ijyb
  5024 | D:5      | Killed Ijyb
  5031 | D:5      | Killed Blork the orc
  5031 | D:5      | Reached skill level 5 in Dodging
  5031 | D:5      | Reached XP level 8. HP: 48/68 MP: 7/7
  5149 | D:5      | Reached skill level 5 in Axes
  5377 | D:5      | Noticed Prince Ribbit
  5407 | D:5      | Killed Prince Ribbit
  5552 | D:5      | You fall into a shaft and drop 2 floors!
  5552 | D:7      | Found a radiant altar of Vehumet.
  5813 | D:7      | Reached XP level 9. HP: 46/75 MP: 8/8
  5995 | D:7      | Found a sparkling altar of Nemelex Xobeh.
  6277 | D:6      | You fall into a shaft and drop 3 floors!
  7310 | D:6      | Found a runed translucent door.
  7311 | D:6      | Noticed Crazy Yiuf
  7470 | D:6      | Found a snail-covered altar of Cheibriados.
  7567 | D:6      | Killed Crazy Yiuf
  7630 | D:7      | Found a staircase to the Ecumenical Temple.
  7641 | Temple   | Entered the Ecumenical Temple
  7820 | Temple   | Became a worshipper of Trog the Wrathful
  8441 | D:8      | Found an iron altar of Okawaru.
  8477 | D:8      | Reached * piety under Trog
  8736 | D:8      | Noticed a two-headed ogre
  8751 | D:8      | Killed a two-headed ogre
  8751 | D:8      | Reached XP level 10. HP: 35/86 MP: 9/9
  9056 | D:9      | Found Qosetes's Food Shoppe.
  9056 | D:9      | Noticed a cyclops
  9060 | D:9      | Killed a cyclops
  9061 | D:9      | Reached skill level 5 in Crossbows
  9073 | D:9      | Reached skill level 10 in Armour
  9089 | D:9      | Found Enyqekk's Distillery.
  9122 | D:9      | Bought a potion of curing for 36 gold pieces
  9122 | D:9      | Bought a potion of heal wounds for 60 gold pieces
  9157 | D:9      | Found Plog's Book Emporium.
  9165 | D:9      | Found Okhluurunu's Book Boutique.
  9369 | D:9      | Found Xoinys's Magic Scroll Emporium.
  9379 | D:9      | Noticed a two-headed ogre
  9390 | D:9      | Killed a two-headed ogre
  9918 | D:9      | Found a shadowy altar of Dithmenos.
  9928 | D:10     | Entered Level 10 of the Dungeon
  9977 | D:10     | Reached skill level 1 in Evocations
 10100 | D:10     | Killed an unseen horror
 10249 | D:10     | Reached ** piety under Trog
 10699 | D:10     | Noticed a gargoyle
 10708 | D:10     | Killed a gargoyle
 11161 | D:10     | Reached XP level 11. HP: 85/94 MP: 11/11
 11436 | D:11     | Noticed Fannar
 11452 | D:11     | Killed Fannar
 11573 | D:11     | Found a flickering gateway to a bazaar.
 11592 | Bazaar   | Entered a bazaar
 11597 | Bazaar   | Found Taefugra's Gadget Shop.
 11632 | Bazaar   | Found Kesoamo's Book Shop.
 11671 | D:11     | Noticed a two-headed ogre
 11722 | D:11     | Noticed a four-headed hydra
 11726 | D:11     | Killed a four-headed hydra
 11726 | D:11     | Reached skill level 10 in Axes
 11767 | D:11     | Killed a two-headed ogre
 11770 | D:11     | Found a transporter.
 11786 | D:11     | Noticed Protee's ghost (journeyman GnFi)
 11787 | D:11     | Found a transporter.
 12150 | D:11     | Noticed Maurice
 12153 | D:11     | Killed Maurice
 12296 | D:11     | Found a staircase to the Lair.
 12358 | D:11     | Noticed a green ugly thing
 12366 | D:11     | Killed a green ugly thing
 12567 | D:11     | Reached skill level 10 in Dodging
 12691 | Lair:1   | Entered Level 1 of the Lair of Beasts
 12756 | Lair:1   | Noticed a lindwurm
 12757 | Lair:1   | Found a dark tunnel.
 12759 | Lair:1   | Killed a lindwurm
 12768 | Volcano  | Entered a volcano
 13268 | Volcano  | Found a radiant altar of Vehumet.
 13686 | Volcano  | Noticed a stone giant
 13689 | Volcano  | Killed a stone giant
 13689 | Volcano  | Reached XP level 12. HP: 67/103 MP: 13/13
 14274 | Lair:1   | Got a scintillating marble ring
 14826 | Lair:1   | Identified the ring of Eblazi {+Fly rElec MP-9 Str+7 SInv}
                  | (You found it on level 1 of the Lair of Beasts)
 15455 | Lair:2   | Reached *** piety under Trog
 15939 | Lair:2   | Found a hole to the Spider Nest.
 16391 | Lair:2   | Noticed a seven-headed hydra
 16407 | Lair:2   | Killed a seven-headed hydra
 16602 | Lair:2   | Noticed an eight-headed hydra
 16602 | Lair:2   | Noticed a five-headed hydra
 16615 | Lair:2   | Killed a five-headed hydra
 16616 | Lair:2   | Killed an eight-headed hydra
 16630 | Lair:2   | Noticed an eight-headed hydra
 16633 | Lair:2   | Killed an eight-headed hydra
 17243 | Lair:3   | Reached XP level 13. HP: 113/113 MP: 6/15
 17484 | Lair:3   | Reached skill level 10 in Fighting
 17484 | Lair:3   | Reached skill level 5 in Evocations
 18548 | Lair:4   | Reached **** piety under Trog
 19286 | Lair:4   | Found a staircase to the Swamp.
 19566 | Lair:4   | Found a hide-covered altar of Uskayaw.
 20802 | Lair:6   | Entered Level 6 of the Lair of Beasts
 21002 | Lair:6   | Found a staircase to the Slime Pits.
 21306 | Lair:6   | Got a shimmering garnet amulet
 21308 | Lair:6   | Identified the amulet of Attitude {Acrobat Fragile rF++
                  | MP-9 Dex+3} (You found it on level 6 of the Lair of Beasts)
 21759 | Lair:6   | Reached XP level 14. HP: 103/122 MP: 0/17
 22662 | D:12     | Found a staircase to the Orcish Mines.
 22900 | D:12     | Reached ***** piety under Trog
 23031 | D:12     | Noticed Erolcha
 23039 | D:12     | Killed Erolcha
 23066 | D:12     | Noticed Josephine
 23079 | D:12     | Killed Josephine
 23105 | D:12     | Received a gift from Trog
 23109 | D:12     | Noticed Azrael
 23120 | D:12     | Killed Azrael
 24037 | D:13     | Reached skill level 15 in Armour
 24656 | D:13     | Found a gate to the Vaults.
 24742 | Orc:1    | Entered Level 1 of the Orcish Mines
 24831 | Orc:1    | Noticed an orc warlord
 24838 | Orc:1    | Killed an orc warlord
 25315 | Orc:1    | Found a radiant altar of Vehumet.
 25608 | Orc:2    | Entered Level 2 of the Orcish Mines
 25701 | Orc:2    | Found a roughly hewn altar of Beogh.
 25868 | Orc:2    | Noticed a stone giant
 25883 | Orc:2    | Killed a stone giant
 25883 | Orc:2    | Reached XP level 15. HP: 94/130 MP: 1/19
 25884 | Orc:2    | Found Rinus's Antique Weapon Emporium.
 26006 | Orc:2    | Found Osyash's Jewellery Shoppe.
 26234 | Orc:2    | Received a gift from Trog
 27043 | Orc:2    | Found a staircase to the Elven Halls.
 27185 | Orc:2    | Noticed an orc warlord
 27190 | Orc:2    | Reached skill level 10 in Crossbows
 27197 | Orc:2    | Killed an orc warlord
 27205 | Orc:2    | Found a roughly hewn altar of Beogh.
 27330 | Orc:2    | Found Ufuipnar's Armour Shoppe.
 27335 | Orc:2    | Reached skill level 15 in Axes
 27447 | Orc:2    | Bought a scarf of invisibility for 168 gold pieces
 27475 | Orc:2    | Received a gift from Trog
 27529 | Orc:2    | Found Yduem's Assorted Antiques.
 27544 | Orc:2    | Bought a scroll of identify for 60 gold pieces
 27544 | Orc:2    | Bought a potion of heal wounds for 150 gold pieces
 28200 | D:14     | Noticed Jorgrun
 28215 | D:14     | HP: 1/132 [white ugly thing (6)]
 28215 | D:14     | Demolished by a white ugly thing

Illustrated notes

Levels and vault maps discovered:
D:1:      dpeg_arrival_castle, layout_basic
D:2:      layout_basic, uniq_robin
D:3:      layout_basic, xom_redecorated, cheibrodos_sewer_entry_bend,
          chequers_ecumenical_altar_simple, ebering_ghost_disaster_area,
          minmay_misc_feat_encased, kennysheep_generic_room_4
D:4:      layout_cave_pools, lemuel_crystal_altar, first_ration
D:5:      layout_loops_cross, kennysheep_little_box, uniq_prince_ribbit1,
          uniq_menkaure, uniq_edmund, uniq_ijyb, uniq_blork_the_orc
D:6:      layout_rooms, lemuel_coloured_pillars_altar, uniq_crazy_yiuf_cottage
D:7:      layout_rooms, lemuel_round_altar,
          minmay_temple_entry_drinking_statues, basic_altar
D:8:      layout_basic, hangedman_abyss_or_decor_clamps, blue_anna_alchemist
          [blue_anna_fruit_fields, blue_anna_fruit_fields],
          kennysheep_okawaru_gauntlet
D:9:      layout_rooms, kennysheep_mini_moat, serial_shops,
          nicolae_shop_crystal, shop, nicolae_shop_window_shopping,
          nicolae_shop_temple_entry_statues_fountains, nicolae_shop_statue_plus,
          grunt_decor_cap
D:10:     layout_loops_corners
D:11:     layout_loops_ring, david_lair_shrubbed, serial_shops, bzr_entry_gold,
          gammafunk_ghost_stat_death, uniq_fannar, uniq_maurice
D:12:     minmay_the_grid_square_5x5_3x3 [minmay_the_grid_square_5x5_moneybag,
          minmay_the_grid_square_5x5_mess, minmay_the_grid_square_5x5_longway,
          minmay_the_grid_square_5x5_two_walls_b,
          minmay_the_grid_square_5x5_megaprize_diamond,
          minmay_the_grid_square_5x5_trominoes,
          minmay_the_grid_square_5x5_detours, minmay_the_grid_square_5x5_eight,
          minmay_the_grid_square_5x5_three_small], layout_rooms, uniq_azrael,
          uniq_erolcha, uniq_josephine
D:13:     nrook_guardian_serpent_snake_passage, layout_rooms, david_vaults_2
D:14:     layout_cave_pools, uniq_frances, uniq_jorgrun
Temple:   regret_index_temple_sphere_string
Lair:1:   statuecave_lemuel, layout_gridlike, nicolae_volcano_entry_vermiform,
          minmay_holes, chequers_serial_rivers_micro_c, beast_lair_carwin_3
Lair:2:   layout_big_grid, spider_nest_entry_a, minmay_shattered_shrine,
          minmay_lair_oklob_chamber, grunt_megastairs_5,
          infiniplex_staircase_pool
Lair:3:   layout_small_grid
Lair:4:   layout_cave_pods, palyth_hydra_swamp_entry, basic_altar,
          wad_woods_road_03, serial_bayou_shore_b
Lair:5:   layout_misc_corridors, beast_lair_carwin_7
Lair:6:   minmay_lair_end_enchanted_forest, layout_loops_ring,
          minmay_slime_entry_eyes, minivault_23
Orc:1:    lemuel_ogre_cave, layout_diamond_mine, lemuel_statue_altar
Orc:2:    pubby_orc_utopia

Skill      XL: |  1  2  3  4  5  6  7  8  9 10 11 12 13 14 15 |
---------------+----------------------------------------------+-----
Dodging        | 1 2 3 5 6 8 9 10 11 12 13 14 | 14.2
Armour         | 4 5 6 8 9 10 12 13 14 15 | 15.7
Shields        | 4 5 |  5.5
Fighting       | 4 5 6 7 8 9 10 11 | 11.9
Axes           | 3 4 6 8 9 11 12 13 14 15 | 15.1
Crossbows      | 2 3 4 5 6 8 9 10 | 10.1
Evocations     | 2 3 4 6 7 |  7.2

Action                   |  1- 3 |  4- 6 |  7- 9 | 10-12 | 13-15 || total
-------------------------+-------+-------+-------+-------+-------++-------
Melee: War axe           |    69 |   124 |    14 |       |       ||   207
       Headbutt          |     7 |    18 |    33 |    67 |   207 ||   332
       Dire flail        |       |       |   128 |     8 |    50 ||   186
       Battleaxe         |       |       |    66 |   344 |   743 ||  1153
 Fire: Arbalest          |       |     2 |     7 |    15 |    10 ||    34
Throw: Stone             |    31 |    43 |    10 |       |       ||    84
       Dart              |       |    31 |    98 |   124 |   125 ||   378
       Boomerang         |       |       |       |       |   249 ||   249
Invok: Berserk           |       |       |       |     6 |     6 ||    12
       Trog's Hand       |       |       |       |     8 |    15 ||    23
       Brothers in Arms  |       |       |       |       |     3 ||     3
Evoke: Wand              |       |       |       |     1 |     2 ||     3
  Use: Scroll            |     4 |     3 |    10 |    12 |    10 ||    39
       Potion            |       |     1 |     1 |       |     2 ||     4
  Eat: Chunk             |     3 |     7 |    12 |    16 |    45 ||    83
       Ration            |       |       |     1 |     6 |     1 ||     8
Armor: Scale mail        |    21 |    28 |       |       |       ||    49
       Chain mail        |       |     6 |    93 |   190 |   187 ||   476
       Plate armour      |       |       |       |       |   183 ||   183
Dodge: Dodged            |    24 |    50 |   138 |   291 |   691 ||  1194
Block: Kite shield       |    45 |    40 |     9 |       |       ||    94

Table legend:
 A = Non-vault XP
 B = Vault XP
 C = Vault XP percentage of total XP
 D = Non-vault monster count
 E = Vault monster count
 F = Vault count percentage of total count
                 A         B        C        D         E       F
            +---------+---------+-------+---------+---------+-------
      Total |   60366 |   60848 |  50.2 |     426 |     303 |  41.6
            +---------+---------+-------+---------+---------+-------
        D:1 |      13 |       0 |   0.0 |       7 |       0 |   0.0
        D:2 |      37 |      28 |  43.1 |      13 |       7 |  35.0
        D:3 |      70 |       5 |   6.7 |      20 |       1 |   4.8
        D:4 |     324 |       0 |   0.0 |      21 |       0 |   0.0
        D:5 |    1051 |     749 |  41.6 |      28 |       5 |  15.2
        D:6 |     645 |      41 |   6.0 |      21 |       1 |   4.5
        D:7 |    1071 |       0 |   0.0 |      21 |       0 |   0.0
        D:8 |    2079 |      97 |   4.5 |      26 |       1 |   3.7
        D:9 |    1910 |       0 |   0.0 |      17 |       0 |   0.0
       D:10 |    3010 |       0 |   0.0 |      27 |       0 |   0.0
       D:11 |    4022 |    1863 |  31.7 |      15 |       3 |  16.7
       D:12 |    2871 |    9363 |  76.5 |      23 |      30 |  56.6
       D:13 |   10137 |    1368 |  11.9 |      36 |       5 |  12.2
       D:14 |     924 |       0 |   0.0 |       5 |       0 |   0.0
     Lair:1 |     990 |    1223 |  55.3 |       9 |       5 |  35.7
     Lair:2 |    2274 |    7956 |  77.8 |      14 |      20 |  58.8
     Lair:3 |    7695 |       0 |   0.0 |      32 |       0 |   0.0
     Lair:4 |    4850 |    2633 |  35.2 |      15 |       6 |  28.6
     Lair:5 |    2511 |    1616 |  39.2 |      10 |       6 |  37.5
     Lair:6 |    9192 |    8640 |  48.5 |      29 |      48 |  62.3
      Orc:1 |    4690 |     968 |  17.1 |      37 |       6 |  14.0
      Orc:2 |       0 |   19858 | 100.0 |       0 |     143 | 100.0
    Volcano |       0 |    4440 | 100.0 |       0 |      16 | 100.0
            +---------+---------+-------+---------+---------+-------
